 Dungeon Crawl Stone Soup version 0.24-a0-102-g7635c99 (webtiles) character file.

Game seed: 12329076645639009762

56 galech the Covered (level 3, -5/29 HPs)
             Began as a Demonspawn Fighter on Feb 12, 2019.
             Killed by nerve-wracking pain
             ... invoked by Jessica
              (8 damage)
             ... on level 2 of the Dungeon.
             The game lasted 00:01:19 (976 turns).

galech the Covered (Demonspawn Fighter)              Turns: 976, Time: 00:01:20

Health: -5/29      AC:  9    Str: 16    XL:     3   Next: 71%
Magic:  3/3        EV:  6    Int:  9    God:
Gold:   113        SH:  9    Dex: 13    Spells: 2/2 levels left

rFire    . . .     SeeInvis .   a - +0 war axe
rCold    . . .     Gourm    .   c - +0 shield
rNeg     . . .     Faith    .   b - +0 scale mail
rPois    .         Spirit   .   (no helmet)
rElec    .         Reflect  .   (no cloak)
rCorr    .         Harm     .   j - +1 pair of gloves
MR       .....                  (no boots)
Stlth    ..........             (no amulet)
HPRegen  0.09/turn              (no ring)
MPRegen  0.08/turn              (no ring)

@: no status effects
A: rot immunity
a: no special abilities


You were on level 2 of the Dungeon.
You were hungry.

You visited 1 branch of the dungeon, and saw 2 of its levels.

You collected 113 gold pieces.

Inventory:

Hand Weapons
 a - a +0 war axe (weapon)
Armour
 b - a +0 scale mail (worn)
 c - a +0 shield (worn)
 j - a +1 pair of gloves (worn)
Jewellery
 l - a cursed ring of attention {unknown}
Scrolls
 g - 3 scrolls of remove curse {unknown}
 h - a scroll of amnesia {unknown}
 k - 2 scrolls of identify {unknown}
 m - a scroll of enchant weapon {unknown}
Potions
 d - a potion of might
 e - a potion of brilliance {unknown}
Comestibles
 f - 2 rations
 i - 2 chunks of flesh


   Skills:
 + Level 3.3 Fighting
 + Level 2.3 Axes
 + Level 3.3 Armour
 + Level 0.1 Dodging
 + Level 3.0 Shields


You had 2 spell levels left.
You didn't know any spells.
Your spell library was empty.

Dungeon Overview and Level Annotations

Branches:
Dungeon (2/15)

Altars:

Annotations:
D:2 Jessica


Innate Abilities, Weirdness & Mutations

You are immune to rotting.


Message History

Your scale mail prevents you from hitting Jessica.
Jessica closely misses you. Jessica hits you but does no damage.
You barely miss Jessica. Jessica gestures at you while chanting.
Pain shoots through your body!
* * * LOW HITPOINT WARNING * * *
You hit Jessica but do no damage. Jessica hits you but does no damage.
You block Jessica's attack.
You closely miss Jessica. Jessica hits you but does no damage.
You closely miss Jessica. Jessica hits you with a cursed -3 club.
* * * LOW HITPOINT WARNING * * *
You completely miss Jessica.
Jessica gestures wildly while chanting.
Jessica blinks!
Jessica casts a spell.
Jessica seems to speed up.
Jessica gestures wildly.
Jessica casts a spell at you. Pain shoots through your body!
You die...

...#..# #### ##.#
#..#..###### ... ...#
#..#..##.... ...#..#
#..#........ #.....#
#..#..##.###
#.##..#.@####..#..##....
............).........##
#?...........#........
#.. #@..####.#####..##
.###..##...#....#####..#
...................>#..#
..........#..####.#.#..#.
.###..#††.#..####.#+#..#.
#..#...#..#.........).
#..#...#..#...........
#..........#..........(
........##.#..........#


You could see Jessica.

Vanquished Creatures
  2 dart slugs (D:1)
  2 leopard geckos (D:1)
  2 ball pythons
  A giant cockroach (D:1)
  4 goblins
  6 hobgoblins
  11 jackals
  4 bats
  6 frilled lizards
  2 kobolds (D:1)
  6 rats
46 creatures vanquished.

Notes
Turn   | Place    | Note
-------+----------+-------------------------------------------
     0 | D:1      | galech the Demonspawn Fighter began the quest for the Orb.
     0 | D:1      | Reached XP level 1. HP: 18/18 MP: 1/1
    69 | D:1      | Gained mutation: You are immune to rotting. [demonic
                  | ancestry]
    69 | D:1      | Reached XP level 2. HP: 14/24 MP: 2/2
   504 | D:1      | Reached XP level 3. HP: 26/29 MP: 3/3
   955 | D:2      | Noticed Jessica
   976 | D:2      | Killed from afar by Jessica

Levels and vault maps discovered:
D:1:      lightli_arrival_isolated_outpost, layout_loops_ring
D:2:      layout_basic, first_ration, st_stairs_3, feat_on_display, uniq_jessica

Skill      XL: |  1  2  3 |
---------------+----------+-----
Armour         | 3 |  3.3
Axes           | 2 |  2.3
Shields        | 3 |  3.0
Fighting       | |  3.3
Dodging        | |  0.1

Action                   || total
-------------------------++-------
Melee: War axe           ||   129
Armor: Scale mail        ||    82
Dodge: Dodged            ||    42
Block: Shield            ||    75

Table legend:
 A = Non-vault XP
 B = Vault XP
 C = Vault XP percentage of total XP
 D = Non-vault monster count
 E = Vault monster count
 F = Vault count percentage of total count
                 A         B        C        D         E       F
            +---------+---------+-------+---------+---------+-------
      Total |      74 |       7 |   8.6 |      42 |       4 |   8.7
            +---------+---------+-------+---------+---------+-------
        D:1 |      48 |       0 |   0.0 |      27 |       0 |   0.0
        D:2 |      26 |       7 |  21.2 |      15 |       4 |  21.1
            +---------+---------+-------+---------+---------+-------
